 Dungeon Crawl Stone Soup version 0.21.1-1-g345015fe64 (webtiles) character file.

45 Evaline the Skirmisher (level 3, -5/23 HPs)
             Began as a Gargoyle Berserker on July 2, 2018.
             Was a Follower of Trog.
             Killed from afar by Natasha (9 damage)
             ... with a magic dart
             ... on level 2 of the Dungeon.
             The game lasted 00:04:39 (766 turns).

Evaline the Skirmisher (Gargoyle Berserker)          Turns: 766, Time: 00:04:39

Health: -5/23      AC: 12    Str: 21    XL:     3   Next: 64%
Magic:  3/3        EV:  8    Int:  7    God:    Trog [*.....]
Gold:   20         SH:  0    Dex:  9    Spells: 2/2 levels left

rFire    . . .     SeeInvis .   a - +0 hand axe
rCold    . . .     Gourm    .   (no shield)
rNeg     + . .     Faith    .   g - +0 chain mail
rPois    ∞         Spirit   .   (no helmet)
rElec    +         Reflect  .   (no cloak)
rCorr    .         Harm     .   (no gloves)
MR       .....                  (no boots)
Stlth    ..........             (no amulet)
HPRegen  0.07/turn              (no ring)
MPRegen  0.08/turn              (no ring)

@: no status effects
A: negative energy resistance 1, electricity resistance, unbreathing,
petrification resistance, rot immunity, AC +3
a: Berserk, Burn Spellbooks, Renounce Religion


You were on level 2 of the Dungeon.
You worshipped Trog.
Trog was aware of your devotion.
You were not hungry.

You visited 1 branch of the dungeon, and saw 2 of its levels.

You collected 20 gold pieces.

Inventory:

Hand Weapons
 a - a +0 hand axe (weapon)
Missiles
 e - 40 stones (quivered)
Armour
 g - a +0 chain mail (worn)
Scrolls
 j - a scroll of teleportation {unknown}
Potions
 b - a potion of curing {unknown}
 f - 2 potions of mutation {unknown}
 h - a potion of degeneration {unknown}
 i - a potion of berserk rage {unknown}
Comestibles
 c - 3 rations
 d - 3 chunks of flesh


   Skills:
 + Level 3.6 Fighting
 * Level 3.5 Axes
 * Level 2.9 Armour
 + Level 1.6 Dodging


You had 2 spell levels left.
You didn't know any spells.

Dungeon Overview and Level Annotations

Branches:
Dungeon (2/15)

Altars:
Ashenzari

Annotations:
D:2 Natasha


Innate Abilities, Weirdness & Mutations

You are resistant to torment.
Your stone body is resilient. (AC +3)
You are immune to poison.
You resist negative energy. (rN+)
You are resistant to electric shocks. (rElec)
You can survive without breathing.
You are immune to petrification.
You are immune to rotting.


Message History

* * * LOW HITPOINT WARNING * * *
The iron imp hits you but does no damage.
You hit Natasha.
Natasha is almost dead.
You hit the iron imp but do no damage. Natasha claws you.
* * * LOW HITPOINT WARNING * * *
The iron imp barely misses you.
Your chain mail prevents you from hitting Natasha.
Natasha is almost dead.
You barely miss the iron imp. Natasha completely misses you.
The iron imp closely misses you. Natasha barely misses you.
You closely miss Natasha.
Natasha is almost dead.
Your chain mail prevents you from hitting the iron imp.
Your skin stops crawling.
You feel less resistant to hostile enchantments.
The iron imp disappears in a puff of smoke!
Natasha stares at you and mumbles some strange words.
The magic dart hits you!
You die...

### #.# #.#####
#.....####### ######
#.##........# ##.....
#.##..#####.#
......h###.##..#####.###
......§@................
......########.##.......
##... ..#<....... #..
#####.....<. #.
#........... +
...###....... . ##.....#
.......## ####.##..


You could see Natasha.

Vanquished Creatures
  Natasha (D:2)
  A leopard gecko (D:1)
  2 bats (D:1)
  5 goblins (D:1)
  A hobgoblin (D:1)
  3 jackals (D:1)
  A kobold (D:1)
  A ball python (D:2)
  A frilled lizard (D:2)
  6 rats (D:1)
22 creatures vanquished.

Notes
Turn   | Place    | Note
-------+----------+-------------------------------------------
     0 | D:1      | Evaline the Gargoyle Berserker began the quest for the Orb.
     0 | D:1      | Reached XP level 1. HP: 14/14 MP: 1/1
   163 | D:1      | Found a shattered altar of Ashenzari.
   296 | D:1      | Reached XP level 2. HP: 16/19 MP: 2/2
   709 | D:2      | Noticed Natasha
   711 | D:2      | Noticed a crimson imp
   713 | D:2      | Killed Natasha
   713 | D:2      | Reached XP level 3. HP: 18/23 MP: 3/3
   727 | D:2      | Reached ** piety under Trog
   739 | D:2      | Noticed Natasha
   766 | D:2      | Killed from afar by Natasha

Skill      XL: |  1 |
---------------+----+-----
Axes           | 3 |  3.5
Fighting       | |  3.6
Armour         | |  2.9
Dodging        | |  1.6

Action                   || total
-------------------------++-------
Melee: Hand axe          ||    82
Invok: Trog's Hand       ||     1
Armor: Chain mail        ||    42
       Animal skin       ||     1
Dodge: Dodged            ||    41
